 Dungeon Crawl Stone Soup version 0.19.5 (webtiles) character file.

72 McKennaii the Skirmisher (level 4, -2/36 HPs)
             Began as a Demonspawn Abyssal Knight on Apr 25, 2017.
             Was a Follower of Lugonu.
             Slain by a gnoll
             ... wielding a +2 halberd of pain
              (5 damage)
             ... on level 2 of the Dungeon.
             The game lasted 00:03:42 (1485 turns).

McKennaii the Skirmisher (DsAK)                     Turns: 1485, Time: 00:03:43

Health: -2/36      AC:  6    Str: 12    XL:     4   Next: 6%
Magic:  5/5        EV: 11    Int: 13    God:    Lugonu [*.....]
Gold:   82         SH:  0    Dex: 14    Spells: 0 memorised, 3 levels left

rFire  . . .     SeeInvis .     a - +1 falchion
rCold  . . .     Gourm    +     b - +0 leather armour
rNeg   . . .     Faith    .     (no shield)
rPois  .         Spirit   .     (no helmet)
rElec  .         Reflect  .     l - +0 cloak
rCorr  .         Harm     .     (no gloves)
MR     .....                    (no boots)
Stlth  +.........               o - amulet of the gourmand
                                (no ring)
                                (no ring)

@: no status effects
A: icy blue scales 1
a: Depart the Abyss, Renounce Religion


You were on level 2 of the Dungeon.
You worshipped Lugonu.
Lugonu was aware of your devotion.
You were not hungry.

You visited 1 branch of the dungeon, and saw 2 of its levels.
You visited the Abyss 1 time.

You collected 82 gold pieces.

Inventory:

Hand Weapons
 a - a +1 falchion (weapon)
Armour
 b - a +0 leather armour (worn)
 l - a +0 cloak (worn)
Jewellery
 o - an amulet of the gourmand (around neck)
Wands
 d - a wand of acid (8/15)
Scrolls
 e - 2 scrolls of remove curse {unknown}
 f - a scroll of enchant weapon {unknown}
 h - 2 scrolls of fear {unknown}
 i - a scroll of teleportation {unknown}
 j - a scroll of amnesia {unknown}
 k - a scroll of noise {unknown}
Potions
 g - a potion of flight {unknown}
 n - a potion of brilliance {unknown}
Comestibles
 c - a bread ration


   Skills:
 + Level 3.6 Fighting
 + Level 3.0 Long Blades
 + Level 2.0 Armour
 + Level 1.2 Dodging
 + Level 0.4 Stealth
 + Level 2.6 Invocations


You had 3 spell levels left.
You didn't know any spells.

Dungeon Overview and Level Annotations

Branches:
Dungeon (2/15)

Altars:


Innate Abilities, Weirdness & Mutations

You are partially covered in icy blue scales. (AC +2)


Message History

* * * LOW HITPOINT WARNING * * *
You struggle against the net.
The gnoll hits you but does no damage.
You rip the net and break free!
The gnoll closely misses you. The gnoll barely misses you.
You riposte.
You barely miss the gnoll.
The gnoll is heavily wounded.
You barely miss the gnoll.
The gnoll is heavily wounded.
The gnoll barely misses you.
The gnoll hits you with a whip of flaming.
* * * LOW HITPOINT WARNING * * *
The gnoll burns you.
* * * LOW HITPOINT WARNING * * *
You hit the gnoll.
You kill the gnoll!
Lugonu accepts your kill.
Your Long Blades skill increases to level 3!
You have reached level 4!
You feel agile.
The gnoll hits you with a halberd of pain.
You die...

#.#.#...........#
#####.#.######g.....#
....s.#.######.######
............##g########.
.............g..........
.#####.###..#).########
#.# #..##.######
#g###............
#@#.#...#.#######
#)g.#.#.#.# #^#.#.#.#.#
#.....#...# #...####..#
#.### ..# #.. ... ...
.... .##


You could see 2 gnolls.

Vanquished Creatures
  3 gnolls
  2 oozes (D:1)
  A dart slug (D:1)
  A leopard gecko (D:1)
  3 bats (D:1)
  2 goblins (D:1)
  4 hobgoblins (D:1)
  6 jackals (D:1)
  2 frilled lizards (D:1)
  4 kobolds (D:1)
  3 rats (D:1)
31 creatures vanquished.

Notes
Turn   | Place    | Note
-------+----------+-------------------------------------------
     0 | Abyss:1  | McKennaii the Demonspawn Abyssal Knight began the quest for the Orb.
     0 | Abyss:1  | Reached XP level 1. HP: 18/18 MP: 2/2
    27 | Abyss:2  | Found a corrupted altar of Lugonu.
    38 | Abyss:2  | Noticed a thrashing horror
    42 | Abyss:2  | Found a corrupted altar of Lugonu.
    46 | Abyss:2  | Noticed a large abomination
    56 | Abyss:2  | Found a stormy altar of Qazlal.
    70 | D:1      | Escaped the Abyss
   141 | D:1      | Reached skill level 1 in Dodging
   143 | D:1      | Gained mutation: You are partially covered in icy blue scales. (AC +2) [demonic ancestry]
   143 | D:1      | Reached XP level 2. HP: 2/24 MP: 3/3
   560 | D:1      | Reached * piety under Lugonu
  1015 | D:1      | Reached XP level 3. HP: 23/29 MP: 4/4
  1485 | D:2      | Reached XP level 4. HP: 3/36 MP: 5/5
  1485 | D:2      | Slain by a gnoll

Skill      XL: |  1  2  3 |
---------------+----------+-----
Dodging        | 1 |  1.2
Long Blades    | 2 3 |  3.0
Armour         | 2 |  2.0
Fighting       | |  3.6
Stealth        | |  0.4
Invocations    | |  2.6

Action                   |  1- 3 |  4- 6 || total
-------------------------+-------+-------++-------
Melee: Falchion          |    84 |       ||    84
Invok: Depart the Abyss  |     1 |       ||     1
  Eat: Chunk             |     7 |       ||     7
Armor: Leather armour    |    29 |       ||    29
Dodge: Dodged            |    60 |       ||    60
       Rpst.: Falchion   |    23 |       ||    23
